 Dungeon Crawl Stone Soup version 0.30-a0-576-g89cddaab80 (webtiles) character file.

Game seed: 6729979812280578830

5824 billz999 the Fighter (level 11, -2/86 HPs)
             Began as a Djinni Venom Mage on Dec 30, 2022.
             Was a Priest of Makhleb.
             Slain by a troll (9 damage)
             ... on level 9 of the Dungeon.
             The game lasted 00:26:52 (10504 turns).

billz999 the Fighter (Djinni Venom Mage)           Turns: 10504, Time: 00:26:53

Health: -2/86      AC:  4    Str: 10    XL:     11   Next: 7%
Gold:   520        EV: 17    Int: 21    God:    Makhleb [***...] SH:  0 Dex: 18

rFire   + + .      SeeInvis .    d - +6 dagger "Hiwkaxe" {heavy, *Noise Str+3 Dex+4}
rCold   x . .      Faith    .    (no shield)
rNeg    . . .      Spirit   .    a - +1 robe
rPois   ∞          Reflect  .    f - +0 helmet
rElec   .          Harm     .    (no cloak)
rCorr   .          Rampage  .    (no gloves)
Will    +....                    (boots unavailable)
Stlth   ++++                     (no amulet)
HPRegen 0.34/turn                k - +5 ring of evasion
MPRegen 0.00/turn                (no ring)

@: flying, studying Fighting
A: sickness immunity, fire resistance 2, cold vulnerability 1, float, innate
caster, HP casting, extra vitality 1
a: Renounce Religion, Minor Destruction, Lesser Servant of Makhleb


You were on level 9 of the Dungeon.
You worshipped Makhleb.
Makhleb was most pleased with you.
You visited 2 branches of the dungeon, and saw 10 of its levels.

You collected 520 gold pieces.

Inventory:

Hand Weapons
 d - the +6 dagger "Hiwkaxe" (weapon) {heavy, *Noise Str+3 Dex+4}
   (You found it on level 7 of the Dungeon)

   It deals dramatically more damage, but attacks with it are much slower.
   Str:       It affects your strength (+3).
   Dex:       It affects your dexterity (+4).
   *Noise:    It may make noises in combat.
 g - a +0 short sword of holy wrath
 i - the +6 dagger of the Ancients {heavy, *Noise rF+ Dex+4 Stlth+}
   (You found it on level 2 of the Dungeon)

   It deals dramatically more damage, but attacks with it are much slower.
   Dex:       It affects your dexterity (+4).
   rF:        It protects you from fire.
   *Noise:    It may make noises in combat.
   Stlth:     It makes you more stealthy.
Armour
 a - a +1 robe (worn)
 f - a +0 helmet (worn)
Jewellery
 c - a ring of fire
 k - a +5 ring of evasion (left hand)
Wands
 q - a wand of flame (19)
 B - a wand of polymorph (10)
 C - a wand of iceblast (4)
Scrolls
 m - 2 scrolls of noise
 n - 5 scrolls of identify
 r - 3 scrolls of vulnerability
 s - a scroll of butterflies
 t - 2 scrolls of teleportation
 v - 2 scrolls of poison {unknown}
 w - a scroll of magic mapping {unknown}
 y - 2 scrolls of torment {unknown}
 A - a scroll of fear {unknown}
Potions
 b - 2 potions of magic
 e - 7 potions of curing
 h - 3 potions of lignification {unknown}
 j - 2 potions of attraction {unknown}
 l - 2 potions of resistance {unknown}
 o - 2 potions of might {unknown}
 p - 2 potions of cancellation {unknown}
 u - 2 potions of degeneration {unknown}
 x - 3 potions of heal wounds {unknown}
 z - a potion of flight {unknown}


   Skills:
 + Level 10.4 Fighting
 - Level 10.0 Short Blades
 - Level 2.1 Dodging
 + Level 6.5 Stealth
 - Level 3.4 Spellcasting


You couldn't memorise any spells.
You knew the following spells:

 Your Spells              Type           Power      Damage    Failure   Level
a - Sting                 Tmut/Pois      72%        1d6       3%          1
b - Poisonous Vapours     Pois/Air       36%        N/A       4%          2
c - Mephitic Cloud        Conj/Pois/Air  18%        N/A       10%         3
d - Olgreb's Toxic Radia  Pois           18%        N/A       30%         4
e - Shock                 Conj/Air       72%        1d7       3%          1
f - Passwall              Tmut/Erth      15%        N/A       4%          2
g - Frozen Ramparts       Ice            36%        1d6       10%         3
h - Swiftness             Air            18%        N/A       10%         3
i - Yara's Violent Unrav  Hex/Tmut       9%         3d6       65%         5
Your spell library was empty.

Dungeon Overview and Level Annotations

Branches:
Dungeon (9/15)             Temple (1/1) D:5            Lair (0/5) D:9
    Orc (0/2) D:9

Altars:
Ashenzari
Cheibriados
Fedhas
Hepliaklqana
Makhleb
Okawaru
Qazlal
Ru
Trog
Uskayaw
Wu Jian
Xom
The Shining One


Innate Abilities, Weirdness & Mutations

You are immune to sickness and miasma.
You are immune to poison.
Your flesh is very heat resistant. (rF++)
You are vulnerable to cold. (rC-)
You float through the air rather than walking.
You learn spells naturally, not from books.
Your magical power is your life essence.
You have superior vitality. (+4 MHP)


Message History

Confirm with . or Enter, or press ? or * to list all spells.
Aiming: Shock (safe; 3% risk of failure)
Press: ? - help, Shift-Dir - straight line, f/p - troll
Aim: a troll (lightly wounded, extremely poisoned, 71% to hit)
The zap hits the troll.
The troll is moderately wounded.
Casting: Shock (safe; 3% risk of failure)
Confirm with . or Enter, or press ? or * to list all spells.
Aiming: Shock (safe; 3% risk of failure)
Press: ? - help, Shift-Dir - straight line, f/p - troll
Aim: a troll (moderately wounded, extremely poisoned, 71% to hit)
The zap hits the troll.
The troll is moderately wounded.
You closely miss the troll.
The troll is moderately wounded.
The troll bites you! The troll claws you. The troll barely misses you.
Casting: Shock (safe; 3% risk of failure)
Confirm with . or Enter, or press ? or * to list all spells.
Aiming: Sting (safe; 3% risk of failure)
Press: ? - help, Shift-Dir - straight line, f/p - troll
Aim: a troll (heavily wounded, very poisoned, 74% to hit)
The sting hits the troll but does no damage.
The troll looks as sick as possible!
The troll is heavily wounded.
The troll bites you! The troll closely misses you. x2
You hit the troll but do no damage.
The troll is heavily wounded.
The troll closely misses you. The troll claws you.
The troll claws you but does no damage.
You barely miss the troll.
The troll is heavily wounded.
The troll bites you! The troll claws you! The troll claws you.
* * * LOW HITPOINT WARNING * * *
The troll attacks as you move away! The troll misses you. The troll claws you!
* * * LOW HITPOINT WARNING * * *
The troll claws you!
* * * LOW HITPOINT WARNING * * *
The troll attacks as you move away! The troll closely misses you.
The troll barely misses you. The troll claws you!
You die...

.....
...........#
.....
..........#
.~...
.........#
≈~~.
.........#
≈≈≈~
.........#
≈≈≈≈
..?......#
≈≈≈~
<........#
~~~.
.........#
.~..
.......@.#
....
.......T.#
....
.........#
....
.........#
....
.........#
....
.........#
....
.........#
....
.........#
....
........##


You could see a troll (very poisoned).

Vanquished Creatures
  A cyclops (D:7)
  2 shadows (D:9)
  A wraith (D:8)
  2 wyverns (D:9)
  9 yaks (D:9)
  An acid dragon (D:9)
  A water moccasin (D:9)
  2 orc warriors (D:9)
  2 sky beasts
  4 black bears
  A centaur (D:8)
  2 phantoms
  Blork the orc (D:5)
  A necrophage (D:5)
  3 bullfrogs
  A gnoll sergeant (D:7)
  2 scorpions
  3 wights (D:8)
  10 killer bees (D:9)
  2 electric eels (D:9)
  4 howler monkeys
  A jelly (D:4)
  4 orc priests
  2 hounds (D:5)
  8 iguanas
  6 orc wizards
  11 gnolls
  8 adders
  2 shadow imps
  3 ufetubi
  A worm (D:3)
  A dart slug (D:2)
  42 orcs
  8 endoplasms
  3 giant cockroaches
  16 goblins
  8 hobgoblins
  5 jackals
  11 ball pythons
  11 bats
  A frilled lizard (D:2)
  11 kobolds
  2 rats (D:1)
220 creatures vanquished.

Notes
Turn   | Place    | Note
-------+----------+-------------------------------------------
     0 | D:1      | billz999 the Djinni Venom Mage began the quest for the Orb.
     0 | D:1      | billz999 set off with the following spells memorised:
                  | Sting, Poisonous Vapours, Mephitic Cloud, Olgreb's Toxic
                  | Radiance.
     0 | D:1      | Reached XP level 1. HP: 15/15 MP: 0/0
   355 | D:1      | Reached XP level 2. HP: 21/21 MP: 0/0
   777 | D:1      | Reached XP level 3. HP: 16/25 MP: 0/0
   777 | D:1      | Learned a level 1 spell: Shock
  1248 | D:2      | Identified the +6 dagger of the Ancients {heavy, *Noise rF+
                  | Dex+4 Stlth+}
  1481 | D:2      | Reached XP level 4. HP: 26/31 MP: 0/0
  1684 | D:2      | Reached skill level 1 in Short Blades
  1963 | D:2      | Reached skill level 1 in Fighting
  2447 | D:3      | Reached XP level 5. HP: 25/37 MP: 0/0
  2447 | D:3      | Learned a level 2 spell: Passwall
  3563 | D:4      | Reached XP level 6. HP: 22/44 MP: 0/0
  4348 | D:5      | Entered Level 5 of the Dungeon
  4427 | D:5      | Reached XP level 7. HP: 39/50 MP: 0/0
  4427 | D:5      | Learned a level 3 spell: Frozen Ramparts
  4669 | D:5      | Found a staircase to the Ecumenical Temple.
  4678 | Temple   | Entered the Ecumenical Temple
  4738 | Temple   | Became a worshipper of Makhleb the Destroyer
  5143 | D:5      | Reached skill level 5 in Short Blades
  5368 | D:5      | Reached XP level 8. HP: 41/58 MP: 0/0
  5558 | D:5      | Noticed Blork the orc
  5570 | D:5      | Killed Blork the orc
  5675 | D:5      | Identified the +6 mace "Buifusku" {heavy, Int+4 Dex+2}
  6284 | D:6      | Reached skill level 5 in Fighting
  6752 | D:7      | Reached XP level 9. HP: 53/65 MP: 0/0
  6752 | D:7      | Learned a level 3 spell: Swiftness
  6984 | D:7      | Noticed a cyclops
  6996 | D:7      | Reached * piety under Makhleb
  7205 | D:7      | Killed a cyclops
  7641 | D:7      | Identified a scroll of acquirement
  7641 | D:7      | Acquired a manual of Fighting
  7700 | D:7      | Identified the +6 dagger "Hiwkaxe" {heavy, *Noise Str+3
                  | Dex+4}
  8788 | D:8      | Found a snail-covered altar of Cheibriados.
  8792 | D:8      | Found an ornate altar of the Wu Jian Council.
  8792 | D:8      | Found a hide-covered altar of Uskayaw.
  8808 | D:8      | Found a sacrificial altar of Ru.
  9117 | D:8      | Reached XP level 10. HP: 58/75 MP: 0/0
  9269 | D:8      | Identified the +3 ring mail of the Morning Star {Regen+}
  9617 | D:9      | Reached ** piety under Makhleb
  9731 | D:9      | Found a staircase to the Orcish Mines.
 10171 | D:9      | Reached skill level 5 in Stealth
 10180 | D:9      | Reached skill level 10 in Short Blades
 10236 | D:9      | Reached *** piety under Makhleb
 10237 | D:9      | Reached XP level 11. HP: 49/85 MP: 0/0
 10237 | D:9      | Learned a level 5 spell: Yara's Violent Unravelling
 10304 | D:9      | Reached skill level 10 in Fighting
 10391 | D:9      | Found a staircase to the Lair.
 10504 | D:9      | Slain by a troll

Illustrated notes

Levels and vault maps discovered:
D:1:      sevenhm_arrival_forest_fort_small_6, layout_loops_ring
D:2:      minmay_kobold_bridge, layout_loops_corners, minmay_misc_feat_enclosed
D:3:      kennysheep_the_goblin_king, layout_basic
D:4:      wander_river, layout_basic
D:5:      layout_gridville, minmay_temple_entry_waves, uniq_blork_the_orc
D:6:      layout_basic
D:7:      layout_basic
D:8:      layout_loops_corners, minmay_overflow_temple_star_hex
D:9:      layout_big_octagon, hiddenorc1_lemuel
Temple:   minmay_crystal_spiral_temple

Skill      XL: |  1  2  3  4  5  6  7  8  9 10 11 |
---------------+----------------------------------+-----
Spellcasting   | 3 |  3.4
Short Blades   | 2 3 4 5 7 8 10 | 10.0
Fighting       | 1 2 3 4 5 7 9 10 | 10.4
Stealth        | 2 4 6 |  6.5
Dodging        | |  2.1

Action                   |  1- 3 |  4- 6 |  7- 9 | 10-12 || total
-------------------------+-------+-------+-------+-------++-------
Melee: Unarmed           |     4 |       |       |       ||     4
       Short sword       |     5 |       |       |       ||     5
       Dagger            |       |    21 |   102 |    46 ||   169
       Punch             |       |       |     4 |       ||     4
 Cast: Sting             |    55 |    15 |    13 |     5 ||    88
       Poisonous Vapours |    30 |   109 |   140 |    33 ||   312
       Shock             |     4 |    51 |    67 |    24 ||   146
       Mephitic Cloud    |       |     5 |    19 |     5 ||    29
       Frozen Ramparts   |       |       |    16 |     5 ||    21
       Olgreb's Toxic Ra |       |       |     2 |     8 ||    10
       Swiftness         |       |       |       |     2 ||     2
Evoke: Wand              |       |       |       |     3 ||     3
  Use: Scroll            |       |     1 |     7 |     1 ||     9
 Stab: Confused          |       |     2 |     1 |     1 ||     4
Armor: Robe              |    12 |     3 |    12 |     7 ||    34
Dodge: Dodged            |    24 |    23 |    91 |    48 ||   186

Table legend: (Time is in decaauts)
 A = Elapsed time spent in this place.
 B = Non-inter-level travel time spent in this place.
 C = Inter-level travel time spent in this place.
 D = Time resting spent in this place.
 E = Time spent auto-exploring this place.
 F = Levels seen in this place.
 G = Mean time per level.
                   A        B        C        D        E       F      G
               +--------+--------+--------+--------+--------+-----+--------+
         Total |  10502 |  10174 |    328 |    783 |   8127 |  10 | 1050.2 |
       Dungeon |  10396 |  10118 |    278 |    783 |   8081 |   9 | 1155.1 |
        Temple |    105 |     55 |     50 |      0 |     46 |   1 |  105.0 |
               +--------+--------+--------+--------+--------+-----+--------+

Top non-repeatable levels by time:
     D:8: 1544 daAuts
     D:5: 1346 daAuts
     D:7: 1263 daAuts
     D:2: 1209 daAuts
     D:1: 1147 daAuts
     D:3: 1018 daAuts
     D:6: 1015 daAuts
     D:4: 976 daAuts
     D:9: 875 daAuts
  Temple: 105 daAuts
